Map: Beckett Industries LE

Players

Kibbler

  • Race: Terran Terran
  • League: Diamond

ViBE - Winner!

  • Race: Zerg Zerg
  • League: Diamond

VOD

Have the link to the VOD?

Description

Time

  • Played on: April 21, 2021, 9:35 p.m.
  • Length: 6:27
Show
View Real Time Build Order
Export as new Build Order

Kibbler Terran 

Build Orders: Reaper Expand 

Get SALT Encoding   

  12  0:00  SCV  
  13  0:13  Supply Depot  
  13  0:18  SCV  
  14  0:30  SCV  
  15  0:37  Barracks  
  15  0:45  Refinery  
  15  0:47  SCV  
  16  0:59  SCV  
  17  1:12  SCV  
  18  1:24  SCV  
  19  1:35  Reaper  
  19  1:37  Orbital Command  
  20  1:55  Command Center  
  20  2:06  SCV  
  20  2:07  Marine  
  22  2:15  Barracks  
  22  2:18  SCV  
  23  2:25  Supply Depot  
  23  2:31  Factory  
  23  2:32  Barracks Reactor  
  23  2:39  Refinery  
  23  2:49  SCV  
  24  2:58  Supply Depot  
  24  3:01  SCV  
  24  3:02  Barracks Tech Lab  
  25  3:16  Orbital Command  
  25  3:21  Starport  
  25  3:23  Marine, Factory Reactor  
  26  3:29  SCV  
  27  3:47  Marine x3  
  30  3:48  SCV x2  
  30  3:50  Stimpack  
  32  3:57  Supply Depot  
  32  4:00  SCV  
  34  4:06  Marine x2  
  34  4:07  Marine  
  37  4:13  SCV, Medivac x2  
  37  4:15  Widow Mine  
  43  4:30  Marine x2  
  43  4:31  Marine  
  35  4:48  Marine x3  
  35  4:50  Bunker  
  38  4:56  SCV  
  30  5:06  Marine x2  
  26  5:09  Marine  
  23  5:19  SCV  
  19  5:24  Marine  
  19  5:26  Marine  
  17  5:45  SCV x2  
  11  5:57  SCV x2  
Show
View Real Time Build Order
Export as new Build Order

ViBE Zerg - Winner!

Build Orders: Hatch First 

Get SALT Encoding   

  12  0:00  Drone  
  13  0:13  Overlord  
  13  0:19  Drone  
  14  0:33  Drone x2  
  16  0:41  Drone  
  17  0:53  Drone  
  17  0:56  Hatchery  
  17  0:59  Drone  
  18  1:16  Extractor, Spawning Pool  
  18  1:18  Drone  
  17  1:22  Drone  
  18  1:30  Drone  
  19  1:52  Drone  
  20  2:01  Overlord  
  20  2:06  Queen  
  20  2:07  Queen  
  20  2:08  Zergling x4  
  25  2:14  Drone  
  27  2:19  Drone, Metabolic Boost  
  28  2:29  Drone  
  29  2:37  Drone  
  29  2:38  Drone  
  29  2:39  Drone  
  33  2:44  Drone  
  33  2:51  Roach Warren  
  33  2:55  Overlord  
  33  2:56  Overlord  
  32  3:02  Overlord  
  32  3:16  Overlord  
  32  3:31  Roach x7  
  32  3:32  Roach  
  47  3:41  Zergling x2  
  47  3:46  Hatchery  
  47  3:51  Zergling x4  
  49  4:02  Zergling x12  
  55  4:09  Overlord  
  55  4:11  Queen  
  57  4:19  Zergling x4  
  54  4:36  Zergling x2  
  54  4:37  Zergling x10  
  56  4:53  Zergling x2  
  56  4:54  Zergling x6  
  54  5:00  Zergling x2  
  54  5:03  Zergling x4  
  51  5:13  Zergling x4  
  50  5:17  Zergling x2  
  47  5:22  Zergling x2  
  46  5:30  Zergling x16  
  51  5:41  Zergling x6  
  47  6:03  Roach x6  
  47  6:04  Overlord  
  47  6:05  Zergling x8  
Tags
 
Add a new tag
Caveats
  • Supply blocks, unpowered buildings, or Contaminate may cause inaccurate times.
  • Supply counts are checked every 10 seconds.